 Dungeon Sprint DCSS version 0.20-a0-556-g892c87b (webtiles) character file.

3752 Apeape the Infuser (level 9, -4/55 HPs)
             Began as a Deep Elf Conjurer on Feb 5, 2017.
             Was a High Priest of Sif Muna.
             Slain by a demonic crawler (5 damage)
             ... in the Dungeon (Sprint I: "Red Sonja").
             The game lasted 00:35:36 (1717 turns).

Apeape the Infuser (Deep Elf Conjurer)              Turns: 1717, Time: 00:35:37

Health: -4/55      AC:  7    Str:  8    XL:     9   Next: 93%
Magic:  8/35       EV: 19    Int: 21    God:    Sif Muna [*****.]
Gold:   270        SH:  0    Dex: 15    Spells: 3/31 levels left

rFire    . . .     SeeInvis .   o - +11 dire flail "Yzua" {crush, *Slow rPois MP+9}
rCold    + . .     Gourm    +   j - +1 leather armour {rC+}
rNeg     . . .     Faith    .   (shield currently unavailable)
rPois    +         Spirit   .   (no helmet)
rElec    .         Reflect  .   (no cloak)
rCorr    .         Harm     .   r - +0 pair of gloves (curse)
MR       .....     NoTele   +   s - +0 pair of boots
Stlth    ++++......             x - amulet of the gourmand
Regen    0.2/turn               (no ring)
                                (no ring)

@: divine energy
A: no striking features
a: Stop Divine Energy, Channel Magic, Forget Spell, Renounce Religion


You were in the Dungeon.
You worshipped Sif Muna.
Sif Muna was extremely pleased with you.
You were not hungry.

You visited 1 branch You collected 940 gold pieces.
You spent 670 gold pieces at shops.

Inventory:

Hand Weapons
 e - a +0 blowgun
 f - a +0 short sword of draining
 h - a +0 club
 l - a +0 scythe
 o - the +11 dire flail "Yzua" (weapon) {crush, *Slow rPois MP+9}
   (You bought it in a shop in the Dungeon)

   It inflicts extra damage upon your enemies.
   It protects you from poison.
   It affects your magic capacity (+9).
   It may slow you when you take damage.
 p - a +0 rapier
 q - a +0 hunting sling
 t - a +0 shortbow
 v - a +0 war axe
Missiles
 k - 10 curare-tipped needles
 u - 34 arrows
 w - 18 sling bullets
 A - 16 stones (quivered)
Armour
 a - a +0 robe
 j - a +1 leather armour of cold resistance (worn)
 r - a cursed +0 pair of gloves (worn)
 s - a +0 pair of boots (worn)
Jewellery
 x - an amulet of the gourmand (around neck)
Wands
 n - a wand of lightning (4/15)
Scrolls
 d - 2 scrolls of enchant weapon {unknown}
 i - a scroll of blinking
 m - a scroll of fog {unknown}
 y - a scroll of identify {unknown}
Potions
 g - a potion of magic
 z - 2 potions of curing
Books
 b - a book of Conjurations

   Spells                             Type                      Level
   a - Magic Dart                     Conjuration                  1
   b - Searing Ray                    Conjuration                  2
   c - Dazzling Spray                 Conjuration/Hexes            3
   d - Fulminant Prism                Conjuration/Hexes            4
   e - Iskenderun's Mystic Blast      Conjuration                  4
   f - Iskenderun's Battlesphere      Conjuration/Charms           5
 B - a book of Minor Magic

   Spells                             Type                      Level
   a - Magic Dart                     Conjuration                  1
   b - Blink                          Translocation                2
   c - Call Imp                       Summoning                    2
   d - Repel Missiles                 Charms/Air                   2
   e - Slow                           Hexes                        2
   f - Conjure Flame                  Conjuration/Fire             3
   g - Mephitic Cloud                 Conjuration/Poison/Air       3
Comestibles
 c - a bread ration


   Skills:
 + Level 5.9 Fighting
 + Level 0.1 Maces & Flails
 - Level 4.6 Polearms
 + Level 4.4 Armour
 + Level 11.0 Dodging
 + Level 7.9 Stealth
 - Level 0.2 Unarmed Combat
 + Level 11.6 Spellcasting
 + Level 10.1 Conjurations
 + Level 11.7 Hexes
 + Level 12.4 Charms


You had 3 spell levels left.
You knew the following spells:

 Your Spells              Type           Power        Failure   Level  Hunger
a - Magic Dart            Conj           ####         1%          1    None
b - Searing Ray           Conj           ######       1%          2    None
c - Dazzling Spray        Conj/Hex       ######       1%          3    None
d - Iskenderun's Mystic   Conj           ######..     1%          4    #......
e - Fulminant Prism       Conj/Hex       ######....   1%          4    #......
f - Iskenderun's Battles  Conj/Chrm      ######..     1%          5    ####...
g - Mephitic Cloud        Conj/Pois/Air  ####....     8%          3    None
h - Blink                 Tloc           N/A          14%         2    None
i - Call Imp              Summ           ##......     14%         2    None
j - Slow                  Hex            ######..     1%          2    None


Dungeon Overview and Level Annotations

Branches:
Dungeon (1/1)

Altars:
Cheibriados
Dithmenos
Elyvilon
Fedhas
Gozag
Hepliaklqana
Kikubaaqudgha
Makhleb
Nemelex Xobeh
Okawaru
Qazlal
Ru
Sif Muna
Trog
Uskayaw
Vehumet
Xom
Yredelemnul
Zin
The Shining One
Jiyva
Lugonu

Shops:
D *([


Message History

Your fulminant prism crackles loudly.
The demonic crawler closely misses you.
The demonic crawler hits you but does no damage.
The demonic crawler closely misses you.
Your fulminant prism explodes!
The blast of energy engulfs you!
* * * LOW HITPOINT WARNING * * *
The blast of energy engulfs the demonic crawler.
The demonic crawler is heavily wounded.
The blast of energy engulfs the demonic crawler.
The demonic crawler is lightly wounded.
The blast of energy engulfs the demonic crawler.
The demonic crawler is heavily wounded.
Unknown command.
You feel better. The demonic crawler hits you!
* * * LOW HITPOINT WARNING * * *
The demonic crawler misses you.
The demonic crawler hits you but does no damage.
The demonic crawler hits you.
You die...

##########################
#<.#.)'..#..'..#_s#..')).#
#..'..#..[..#..@s.s..#...##+#
#..#####'#####§#s_####...'..#
#..####..#...#§####§§#####..+
#..#__####..##[#§§§.§#..# ##
#..#_____##'#..§≈§§§§§..#
#⌠⌠#_.∩...'..._#§§§§§#..#
####_..__##_.#'##'#####+#
#_____###'#.#§§..###
############.####'###.##


You could see 4 demonic crawlers.

Vanquished Creatures
  2 centaur warriors (D)
  Sonja (D)
  A deep troll (D)
  2 kobold demonologists (D)
  A hornet (D)
  A slime creature (D)
  Sigmund (D)
  A yak (D)
  A floating eye (D)
  An ogre (D)
  A jelly (D)
  Ijyb (D)
  5 ballistomycetes (D)
19 creatures vanquished.

Vanquished Creatures (others)
  A gargoyle (D)
  4 ballistomycete spores (D)
  17 fulminant prisms (D)
22 creatures vanquished.

Grand Total: 41 creatures vanquished

Notes
Turn   | Place    | Note
-------+----------+-------------------------------------------
     0 | D        | Apeape the Deep Elf Conjurer began the quest for the Orb.
     0 | D        | Reached XP level 1. HP: 10/10 MP: 6/6
     1 | D        | Noticed Ijyb
    12 | D        | Killed Ijyb
    12 | D        | Reached XP level 2. HP: 12/15 MP: 0/8
    30 | D        | Learned a level 2 spell: Searing Ray
   137 | D        | Noticed an ogre
   145 | D        | Killed an ogre
   145 | D        | Reached skill level 5 in Dodging
   145 | D        | Reached skill level 5 in Stealth
   145 | D        | Reached XP level 3. HP: 19/19 MP: 0/14
   145 | D        | Reached XP level 4. HP: 24/24 MP: 0/15
   150 | D        | Learned a level 3 spell: Dazzling Spray
   155 | D        | Learned a level 4 spell: Iskenderun's Mystic Blast
   160 | D        | Learned a level 4 spell: Fulminant Prism
   247 | D        | Noticed Sigmund
   251 | D        | Killed Sigmund
   251 | D        | Reached XP level 5. HP: 18/33 MP: 6/17
   251 | D        | Reached XP level 6. HP: 20/38 MP: 6/18
   263 | D        | Learned a level 5 spell: Iskenderun's Battlesphere
   396 | D        | Found a deep blue altar of Sif Muna.
   409 | D        | Reached skill level 2 in Charms
   413 | D        | Found a radiant altar of Vehumet.
   418 | D        | Became a worshipper of Sif Muna the Loreminder
   428 | D        | Found Fomo's Antique Weapon Emporium.
   428 | D        | Found an ancient bone altar of Kikubaaqudgha.
   428 | D        | Found a hazy altar of Hepliaklqana.
   428 | D        | Found a stormy altar of Qazlal.
   428 | D        | Found a hide-covered altar of Uskayaw.
   428 | D        | Found a blossoming altar of Fedhas.
   428 | D        | Found a bloodstained altar of Trog.
   428 | D        | Found an iron altar of Okawaru.
   428 | D        | Found a basalt altar of Yredelemnul.
   428 | D        | Found a glowing golden altar of the Shining One.
   428 | D        | Found a snail-covered altar of Cheibriados.
   428 | D        | Found a sacrificial altar of Ru.
   428 | D        | Found a glowing silver altar of Zin.
   428 | D        | Found a shadowy altar of Dithmenos.
   428 | D        | Found a white marble altar of Elyvilon.
   428 | D        | Noticed a yak
   430 | D        | Found an opulent altar of Gozag.
   439 | D        | Killed a yak
   439 | D        | Reached skill level 1 in Polearms
   439 | D        | Reached skill level 1 in Armour
   439 | D        | Reached skill level 6 in Charms
   456 | D        | Found a sparkling altar of Nemelex Xobeh.
   460 | D        | Bought a steaming dire flail for 153 gold pieces
   460 | D        | Identified the +11 dire flail "Yzua" {crush, *Slow rPois MP+9} (You bought it in a shop in the Dungeon)
   579 | D        | Noticed Sonja
   584 | D        | Noticed a deep troll
   589 | D        | Killed Sonja
   589 | D        | Reached * piety under Sif Muna
   589 | D        | Reached skill level 10 in Charms
   589 | D        | Reached XP level 7. HP: 14/44 MP: 8/20
   589 | D        | Reached XP level 8. HP: 16/48 MP: 8/21
   636 | D        | Killed a deep troll
   636 | D        | Reached ** piety under Sif Muna
   636 | D        | Reached skill level 5 in Fighting
   636 | D        | Reached skill level 10 in Dodging
   636 | D        | Reached skill level 12 in Charms
   689 | D        | Killed a gargoyle
   801 | D        | Found Kadwil's Armour Emporium.
   809 | D        | Bought a cursed +0 pair of gloves for 19 gold pieces
   809 | D        | Bought a +0 pair of boots for 58 gold pieces
   865 | D        | Noticed a centaur warrior
   869 | D        | Noticed a centaur warrior
   874 | D        | HP: 1/49 [centaur warrior (11)]
   880 | D        | Killed a centaur warrior
   880 | D        | Reached *** piety under Sif Muna
   880 | D        | Reached skill level 10 in Hexes
   880 | D        | Reached XP level 9. HP: 2/54 MP: 10/24
   882 | D        | Killed a centaur warrior
   882 | D        | Reached **** piety under Sif Muna
   882 | D        | Reached skill level 10 in Spellcasting
  1194 | D        | Found Kyuzumeu's Assorted Antiques.
  1208 | D        | Bought a scroll labeled LYTU TOTRYI for 20 gold pieces
  1208 | D        | Bought a twisted lapis lazuli amulet for 100 gold pieces
  1208 | D        | Bought a scroll labeled EDWITU OMIMI for 20 gold pieces
  1512 | D        | Bought a hardcover book for 300 gold pieces
  1516 | D        | Learned a level 3 spell: Mephitic Cloud
  1519 | D        | Learned a level 2 spell: Blink
  1522 | D        | Learned a level 2 spell: Call Imp
  1562 | D        | Found a burning altar of Makhleb.
  1562 | D        | Found a viscous altar of Jiyva.
  1562 | D        | Found a shimmering altar of Xom.
  1562 | D        | Found a corrupted altar of Lugonu.
  1612 | D        | Learned a level 2 spell: Slow
  1683 | D        | Noticed a kobold demonologist
  1685 | D        | Noticed a kobold demonologist
  1688 | D        | Killed a kobold demonologist
  1688 | D        | Reached ***** piety under Sif Muna
  1696 | D        | Killed a kobold demonologist
  1696 | D        | Reached skill level 10 in Conjurations
  1701 | D        | Noticed a demonic crawler
  1701 | D        | Noticed a demonic crawler
  1701 | D        | Noticed a demonic crawler
  1701 | D        | Noticed a demonic crawler
  1716 | D        | HP: 1/55 [demonic crawler (7)]
  1717 | D        | Slain by a demonic crawler

Vault maps used:
D:        dungeon_sprint_1

Skill      XL: |  1  2  3  4  5  6  7  8  9 |
---------------+----------------------------+-----
Dodging        | 3 5 6 9 10 11 | 11.0
Stealth        | 3 5 6 7 |  7.9
Conjurations   | 6 8 10 | 10.1
Spellcasting   | 7 9 11 | 11.6
Fighting       | 4 5 |  5.9
Hexes          | 6 8 10 11 | 11.7
Charms         | 10 12 | 12.4
Polearms       | 3 4 |  4.6
Armour         | 2 3 4 |  4.4
Maces & Flails | |  0.1
Unarmed Combat | |  0.2

Action                   |  1- 3 |  4- 6 |  7- 9 || total
-------------------------+-------+-------+-------++-------
Melee: Unarmed           |     4 |       |       ||     4
       Scythe            |       |     5 |       ||     5
       Dire flail        |       |       |     7 ||     7
 Cast: Magic Dart        |     8 |     4 |     4 ||    16
       Searing Ray       |     1 |       |     4 ||     5
       Dazzling Spray    |       |     7 |    11 ||    18
       Fulminant Prism   |       |     6 |    11 ||    17
       Iskenderun's Batt |       |       |     3 ||     3
       Iskenderun's Myst |       |       |     2 ||     2
       Mephitic Cloud    |       |       |     1 ||     1
       Call Imp          |       |       |     1 ||     1
Invok: Divine Energy     |       |       |     1 ||     1
Evoke: Wand              |       |       |     1 ||     1
  Use: Potion            |     1 |       |     5 ||     6
       Scroll            |       |       |     1 ||     1
 Stab: Confused          |       |       |     1 ||     1
  Eat: Bread ration      |       |       |     1 ||     1
Armor: Leather armour    |       |     1 |     7 ||     8
Dodge: Dodged            |     4 |     9 |    37 ||    50
